 Dungeon Crawl Stone Soup version 0.21-a0-140-g479285b (webtiles) character file.

817297 grindst0ne the Slayer (level 27, -8/265 (266) HPs)
             Began as a Ghoul Gladiator on July 19, 2017.
             Was the Champion of Cheibriados.
             Splashed by an acid blob's acid (14 damage)
             ... while paralysed by a floating eye
             ... on level 5 of the Pits of Slime.
             The game lasted 05:04:45 (71969 turns).

grindst0ne the Slayer (Ghoul Gladiator)            Turns: 71969, Time: 05:04:45

HP:   -8/265 (266)  AC: 18    Str: 67      XL:     27
MP:   37/37         EV:  2    Int: 16      God:    Cheibriados [******]
Gold: 901           SH:  0    Dex: 26 (30) Spells: 2/32 levels left

rFire    + + +     SeeInvis +     - Unarmed
rCold    + + +     Gourm    .   K - +4 large shield of Devotion {MR+ Int-5 SInv}
rNeg     + + +     Faith    .   D - +11 gold dragon scales
rPois    ∞         Spirit   .   a - +3 crown of Dyrovepreva {rElec Int+2 SInv}
rElec    +         Reflect  +   X - +1 cloak {MR+}
rCorr    .         Harm     .   T - +0 pair of gloves {Str+3}
MR       ++++.                  G - +0 pair of boots "Garhied" {Regen+ Int+4}
Stlth    ..........             b - amulet of Toluoss {Reflect Str+7 Int-3 Slay+6 SH+3}
HPRegen  0.00/turn              C - ring of Dogma {rF+ Str+6 Slay+6 Stlth-}
MPRegen  0.25/turn              B - ring "Luwaesogg" {*Slow rF++ rC++ SInv}

@: paralysed, mighty, agile, corroded, rotting, slowed, very slow
A: rotting body, claws 1, carnivore 3, cold resistance 1, negative energy
resistance 3, inhibited regeneration, torment resistance, unbreathing
}: 4/15 runes: decaying, serpentine, silver, abyssal
a: Bend Time, Temporal Distortion, Slouch, Step From Time, Renounce Religion


You were on level 5 of the Pits of Slime.
You worshipped Cheibriados.
Cheibriados was exalted by your worship.
You were not hungry.

You visited 12 branches of the dungeon, and saw 58 of its levels.
You visited the Abyss 1 time.
You also visited: Labyrinth, Trove, Bailey and Wizlab.

You collected 10751 gold pieces.
You spent 9850 gold pieces at shops.

Inventory:

Armour
 a - the +3 crown of Dyrovepreva (worn) {rElec Int+2 SInv}
   (You acquired it in a bailey)

   It affects your intelligence (+2).
   It insulates you from electricity.
   It lets you see invisible.
 e - a scarf of repulsion
 t - the +4 shield of Fanaticism {+Blink Str+3 Int-2}
   (You found it on level 3 of the Crypt)

   It affects your strength (+3).
   It affects your intelligence (-2).
   It lets you blink.
 A - a +1 cloak of invisibility
 D - +11 gold dragon scales (worn)
 G - the +0 pair of boots "Garhied" (worn) {Regen+ Int+4}
   (You bought it in a shop on level 2 of the Orcish Mines)

   It affects your intelligence (+4).
   It increases your rate of regeneration.
 K - the +4 large shield of Devotion (worn) {MR+ Int-5 SInv}
   (You acquired it on level 3 of the Snake Pit)

   It affects your intelligence (-5).
   It affects your resistance to hostile enchantments.
   It lets you see invisible.
 T - a +0 pair of gloves of strength (worn)
 X - a +1 cloak of magic resistance (worn)
Jewellery
 b - the amulet of Toluoss (around neck) {Reflect Str+7 Int-3 Slay+6 SH+3}
   (You took it off a spriggan defender on level 3 of the Depths)

   [amulet of reflection]

   It shields you and reflects attacks.
   It affects your strength (+7).
   It affects your intelligence (-3).
   It affects your accuracy and damage with ranged weapons and melee attacks
   (+6).
   It affects your SH (+3).
 n - the ring "Zyrayref" {MP+9 Slay+4 Stlth+}
   (You found it in a treasure trove)

   [ring of magical power]

   It affects your accuracy and damage with ranged weapons and melee attacks
   (+4).
   It affects your magic capacity (+9).
   It makes you more stealthy.
 B - the ring "Luwaesogg" (right hand) {*Slow rF++ rC++ SInv}
   (You found it in a treasure trove)

   [ring of see invisible]

   It greatly protects you from fire.
   It greatly protects you from cold.
   It lets you see invisible.
   It may slow you when you take damage.
 C - the ring of Dogma (left hand) {rF+ Str+6 Slay+6 Stlth-}
   (You bought it in a shop on level 1 of the Elven Halls)

   [ring of slaying]

   It affects your strength (+6).
   It affects your accuracy and damage with ranged weapons and melee attacks
   (+6).
   It protects you from fire.
   It makes you less stealthy.
 H - the ring of Qutoos {*Contam rElec rPois rC+ AC+3}
   (You bought it in a shop on level 4 of the Dungeon)

   [ring of protection]

   It affects your AC (+3).
   It protects you from cold.
   It insulates you from electricity.
   It protects you from poison.
   It causes magical contamination when unequipped.
 Q - the ring of Igreotul {rElec rC+ MR+ Str+3 Slay+3}
   (You found it in a treasure trove)

   [ring of protection from magic]

   It affects your strength (+3).
   It affects your accuracy and damage with ranged weapons and melee attacks
   (+3).
   It protects you from cold.
   It insulates you from electricity.
   It affects your resistance to hostile enchantments.
 U - the ring "Heras" {rN+ MR++ Int+3 Dex+4}
   (You found it in a treasure trove)

   [ring of positive energy]

   It affects your intelligence (+3).
   It affects your dexterity (+4).
   It protects you from negative energy.
   It affects your resistance to hostile enchantments.
 W - the brooch of Shielding {Reflect SH+8}
   (You found it in a treasure trove)

   [amulet of reflection]

   It shields you and reflects attacks.
   It affects your SH (+8).
 Z - the ring of Toysucyini {MR+ AC+3 Str+2 Int+2 Stlth-}
   (You found it on level 1 of the Lair of Beasts)

   [ring of protection]

   It affects your AC (+3).
   It affects your strength (+2).
   It affects your intelligence (+2).
   It affects your resistance to hostile enchantments.
   It makes you less stealthy.
Wands
 J - a wand of scattershot (9/9)
 Y - a wand of acid (12/15)
Scrolls
 g - 26 scrolls of remove curse
 h - 3 scrolls of blinking
 j - 12 scrolls of amnesia
 l - 17 scrolls of teleportation
 m - 9 scrolls of immolation
 o - 10 scrolls of magic mapping
 v - 8 scrolls of fear
 y - 9 scrolls of fog
 z - 2 scrolls of recharging
 M - 2 scrolls of torment
 R - 2 scrolls of summoning
Potions
 f - 16 potions of curing
 i - 2 potions of resistance
 q - 4 potions of might
 s - 14 potions of brilliance
 x - 4 potions of agility
 F - 4 potions of heal wounds
 L - 3 potions of flight
 P - 6 potions of magic
 S - 6 potions of ambrosia
 V - a potion of cancellation
Books
 w - a book of Burglary

   Spells                             Type                      Level
   a - Swiftness                      Charms/Air                   2
   b - Passwall                       Transmutation/Earth          2
   c - Passage of Golubria            Translocation                4
   d - Lee's Rapid Deconstruction     Earth                        5
   e - Darkness                       Hexes                        6
   f - Invisibility                   Hexes                        6
 I - a book of the Warp

   Spells                             Type                      Level
   a - Gell's Gravitas                Translocation                3
   b - Portal Projectile              Hexes/Translocation          3
   c - Force Lance                    Conjuration/Translocation    4
   d - Dispersal                      Translocation                6
   e - Controlled Blink               Translocation                8
   f - Disjunction                    Translocation                8
Miscellaneous
 c - 3 phantom mirrors
 k - a phial of floods
 r - a lamp of fire
 u - a box of beasts
 E - a lightning rod (4/4)
 N - 3 sacks of spiders
Comestibles
 d - 22 meat rations
 p - 21 royal jellies


   Skills:
 - Level 25.4 Fighting
 - Level 1.7 Throwing
 + Level 12.2 Armour
 - Level 17.1 Dodging
 - Level 25.1 Shields
 - Level 23.3 Unarmed Combat
 - Level 3.3 Spellcasting
 * Level 11.4 Charms
 + Level 7.4 Translocations
 - Level 23.2 Invocations
 - Level 14.3 Evocations


You had 2 spell levels left.
You knew the following spells:

 Your Spells              Type           Power        Failure   Level  Hunger
a - Regeneration          Chrm/Necr      ###.......   21%         3    ###....
b - Spectral Weapon       Hex/Chrm       ###.....     21%         3    ###....
c - Song of Slaying       Chrm           #####...     1%          2    ##.....
d - Blink                 Tloc           N/A          5%          2    ##.....
e - Control Undead        Necr           #.........   100%        4    ####...
f - Deflect Missiles      Chrm/Air       ###.......   100%        6    #######
g - Controlled Blink      Tloc           N/A          100%        8    #######
h - Apportation           Tloc           ####..       3%          1    None
i - Summon Butterflies    Summ           #.......     58%         1    None


Dungeon Overview and Level Annotations

Branches:
Dungeon (15/15)            Temple (1/1) D:6            Lair (6/6) D:11
  Swamp (4/4) Lair:3        Snake (4/4) Lair:3        Slime (5/5) Lair:5
    Orc (2/2) D:9             Elf (3/3) Orc:2        Vaults (5/5) D:13
  Crypt (3/3) Vaults:2       Tomb (0/3) Crypt:3      Depths (5/5) D:15
    Zot (5/5) Depths:5

Altars:
Ashenzari
Cheibriados
Dithmenos
Elyvilon
Fedhas
Gozag
Hepliaklqana
Kikubaaqudgha
Makhleb
Nemelex Xobeh
Okawaru
Qazlal
Ru
Sif Muna
Trog
Uskayaw
Vehumet
Wu Jian
Xom
Yredelemnul
Zin
The Shining One
Beogh
Jiyva
Lugonu

Shops:
D:4 ((=}%   D:7 :   D:9 =   D:10 ?}%*   D:13 *   D:14 *   Orc:1 }   Orc:2 =*(}[
Elf:1 ([:(=   Elf:2 !   Snake:3 [!   Vaults:1 %   Vaults:2 [   Vaults:3 [
Vaults:4 (   Vaults:5 [%[%%   Depths:2 !

Portals:
Hell: Depths:1 Depths:2 Depths:3 Depths:4 Depths:5
Abyss: Depths:3 Depths:4
Pandemonium: Depths:3
Ziggurat: Depths:4

Annotations:
D:9 exclusion: downstairs
D:10 exclusion: downstairs
Lair:5 exclusion: downstairs
Depths:4 exclusion: downstairs


Innate Abilities, Weirdness & Mutations

Your body is rotting away.
You thrive on raw meat.
You are immune to poison.
You have sharp fingernails.
You are carnivorous and can eat meat at any time.
Your flesh is cold resistant. (rC+)
You are immune to negative energy. (rN+++)
You do not regenerate when monsters are visible.
You are immune to unholy pain and torment.
You can survive without breathing.


Message History

The acid blob hits you!!
* * * LOW HITPOINT WARNING * * *
You are splashed with acid!
The acid burns!
* * * LOW HITPOINT WARNING * * *
The azure jelly hits you.
* * * LOW HITPOINT WARNING * * *
The azure jelly freezes you. You resist.
* * * LOW HITPOINT WARNING * * *
The azure jelly hits you.
* * * LOW HITPOINT WARNING * * *
The azure jelly freezes you. You resist.
* * * LOW HITPOINT WARNING * * *
The azure jelly hits you but does no damage.
The azure jelly hits you.
* * * LOW HITPOINT WARNING * * *
The acid blob spits acid at you. The splash of acid hits you!
* * * LOW HITPOINT WARNING * * *
The acid corrodes you!
You are splashed with acid!
The acid burns!
You die...

....#
#.................. ...#
##................ ..# #
#................ .. ..
#............... . ...
##............. ....
#.............. ...:.
#..............
.....G#####.............
.....JJ@J#..............
.....GJ#JJ..............
.....G#####.............
...[." #..............
....? ##.............
...?} ###.............
..## #............... #.
#................
#.................


You could see 3 acid blobs, 3 azure jellies, a great orb of eyes, an eye of
devastation and a floating eye.

Vanquished Creatures
  the Royal Jelly (Slime:5)
  Mara (Depths:1)
  7 ancient liches
  13 orbs of fire
  A juggernaut (Depths:3)
  The ghost of Gorglomux the Slayer, a veteran HOAK of Makhleb (Depths:5)
  Saint Roka (Depths:3)
  5 Killer Klowns
  Boris (Vaults:3)
  Xtahua (Vaults:2)
  2 curse toes
  9 caustic shrikes (Depths:4)
  Nikola (Swamp:3)
  9 golden dragons
  Jory (Crypt:3)
  the Enchantress (Depths:4)
  An iron giant (shapeshifter) (Vaults:5)
  A bone dragon (Depths:5)
  3 electric golems
  14 liches
  A shard shrike skeleton (Crypt:2)
  2 titans
  23 Orb Guardians (Zot:5)
  23 tentacled monstrosities
  7 quicksilver dragons
  2 deep elf blademasters (Elf:3)
  A moon troll (WizLab)
  12 sphinxes
  14 acid blobs
  Frances (Swamp:2)
  18 tentacled starspawn
  2 ancient champions (Crypt:2)
  21 storm dragons
  5 shadow dragons
  Kirke (Swamp:2)
  7 death cobs
  2 thorn hunters (Swamp:3)
  13 tengu reavers
  11 draconian monks
  A frost giant (shapeshifter) (Vaults:5)
  2 revenants
  2 azure jellies
  11 nagarajas
  9 deep elf sorcerers
  14 frost giants
  13 fire giants
  2 iron dragons
  8 draconian scorchers
  A balrug (Depths:1)
  10 draconian knights
  7 ghouls
  9 draconian stormcallers
  16 vault wardens
  A cacodemon (WizLab)
  Aizul (Snake:3)
  4 orc warlords
  3 ghost moths
  8 deep elf elementalists
  5 draconian shifters
  2 curse skulls
  8 war gargoyles
  7 draconian annihilators
  47 very ugly things
  24 ironheart preservers
  9 spriggan defenders
  2 reapers
  28 stone giants
  6 deep elf demonologists
  12 vampire knights
  17 green draconians
  An entropy weaver (Vaults:5)
  19 white draconians
  17 deep elf annihilators
  Azrael (D:15)
  11 yellow draconians
  13 black draconians
  A lorocyproca (Abyss:3)
  12 purple draconians
  3 spark wasps
  14 red draconians
  A crystal guardian (WizLab)
  An eidolon (Crypt:3)
  12 deep elf death magi
  26 ettins
  A minotaur (Lab)
  A death ooze (Slime:5)
  The ghost of Gruud the Martial Artist, a journeyman DsNe of Uskayaw (Orc:2)
  A mummy priest (Crypt:3)
  6 deep elf high priests
  15 yaktaur captains
  17 ogre magi
  18 hydras
  11 fire dragons
  6 rakshasas
  6 jiangshi
  23 vault guards (Vaults:5)
  Fannar (D:10)
  27 great orbs of eyes
  13 ice dragons
  21 naga warriors
  Harold (Orc:1)
  A caustic shrike simulacrum (Depths:4)
  A hydra (shapeshifter) (Vaults:3)
  An ice dragon (shapeshifter) (Vaults:3)
  3 spriggan air magi (Depths:4)
  5 alligators
  25 anacondas
  3 ghost crabs
  4 death knights
  4 death yaks
  Erica (D:9)
  26 dancing weapons
  68 two-headed ogres
  A two-headed ogre (shapeshifter) (Vaults:5)
  9 vampire magi
  10 centaur warriors
  8 tengu warriors
  9 deep troll earth magi
  14 deep troll shamans
  9 thrashing horrors
  10 orc high priests
  5 naga sharpshooters
  A titan zombie (Crypt:2)
  7 hell knights
  20 deep elf knights
  4 spriggan berserkers
  7 small abominations
  10 shock serpents
  7 shadow wraiths
  3 sun demons
  A fire crab (shapeshifter) (Vaults:5)
  4 iron trolls
  10 salamander mystics (Snake:4)
  26 skeletal warriors
  A titan skeleton (Abyss:3)
  A storm dragon skeleton (Crypt:3)
  A spatial maelstrom (Abyss:3)
  2 orange crystal statues
  34 deep trolls
  A swamp dragon (shapeshifter) (Vaults:5)
  A sixfirhy (Abyss:3)
  10 swamp dragons
  5 sea snakes
  3 unseen horrors
  6 wretched stars
  5 naga ritualists
  3 shambling mangroves
  A shadow dragon zombie (Depths:4)
  17 flayed ghosts
  8 wizards
  8 deep elf archers
  2 deep trolls (shapeshifter)
  3 spriggan druids (Depths:2)
  15 glowing orange brains
  16 ironbrand convokers
  21 phantasmal warriors
  4 lindwurms (Snake:4)
  33 orc knights
  2 sphinx zombies
  Pikel (D:6)
  An anaconda skeleton (Crypt:3)
  8 salamanders
  8 necromancers
  47 ugly things
  A fire giant zombie (Vaults:2)
  5 shining eyes
  A shadow dragon skeleton (Crypt:3)
  12 mana vipers
  6 wolf spiders
  4 oklob plants (Lair:2)
  56 deep elf magi
  6 orc sorcerers
  2 manticores
  A sphinx skeleton (Crypt:1)
  A salamander (shapeshifter) (D:14)
  2 worldbinders (Abyss:3)
  6 cyclopes
  29 moths of wrath
  An elephant (shapeshifter) (Depths:5)
  4 elephants (Lair:2)
  16 vault sentinels
  9 fire giant skeletons (Crypt:3)
  6 eyes of devastation
  2 frost giant skeletons
  12 guardian serpents
  25 naga magi
  3 smoke demons (Abyss:3)
  2 guardian serpents (shapeshifter)
  2 apocalypse crabs (Abyss:3)
  A storm dragon simulacrum (Vaults:3)
  An orange demon (Abyss:3)
  6 gargoyles
  29 black mambas
  A rime drake (shapeshifter) (Depths:2)
  2 kobold demonologists
  12 komodo dragons
  4 rime drakes
  A komodo dragon (shapeshifter) (Depths:4)
  A yaktaur (shapeshifter) (Depths:3)
  11 freezing wraiths
  54 yaktaurs
  A tormentor (Abyss:3)
  An elf skeleton (Depths:4)
  A yaktaur skeleton (Vaults:2)
  2 ancient zymes
  39 spiny frogs
  2 guardian mummies (Crypt:3)
  2 tengu conjurers
  2 meliai (shapeshifter)
  9 trolls
  2 merfolk (shapeshifter)
  35 hornets
  A polar bear (shapeshifter) (Elf:1)
  14 tyrant leeches
  A jumping spider (Vaults:5)
  Grinder (D:5)
  A tengu simulacrum (Depths:4)
  5 bog bodies
  9 large abominations
  10 raiju
  An ice dragon zombie (Abyss:3)
  A slime creature (shapeshifter) (Vaults:5)
  93 slime creatures
  6 hippogriffs
  A raiju (shapeshifter) (Abyss:2)
  A minotaur skeleton (Crypt:2)
  45 blink frogs
  An ettin zombie (Crypt:1)
  2 alligator skeletons (Crypt:3)
  A hippogriff (shapeshifter) (Vaults:4)
  21 spriggans
  15 starcursed masses
  6 air elementals
  5 flying skulls (Crypt:2)
  A yak (shapeshifter) (Depths:3)
  12 wraiths
  3 ynoxinuls
  A black mamba skeleton (Crypt:3)
  A satyr skeleton (Crypt:1)
  7 fire dragon skeletons (Crypt:3)
  2 wyverns (shapeshifter)
  An ushabti (Crypt:3)
  Sigmund (D:5)
  8 shadows
  2 vampires
  9 water elementals
  A basilisk (shapeshifter) (Vaults:4)
  52 yaks
  5 wyverns
  A hog (shapeshifter) (Depths:4)
  3 fire elementals
  A hog (Swamp:2)
  2 basilisks
  5 hungry ghosts
  5 golden eyes (Slime:5)
  4 neqoxecs
  19 vampire mosquitoes
  A chaos spawn (Abyss:3)
  A golden eye (shapeshifter) (Vaults:2)
  A deep troll zombie (Vaults:2)
  A gelid demonspawn zombie (Crypt:2)
  20 swamp worms
  11 wargs
  7 insubstantial wisps
  A soldier ant (D:15)
  52 nagas
  5 acid dragons
  A naga (shapeshifter) (D:14)
  A floating eye (shapeshifter) (Vaults:5)
  10 porcupines
  16 swamp drakes
  20 water moccasins
  5 hell hounds (D:15)
  4 black bears
  An eye of draining (shapeshifter) (Depths:2)
  15 eyes of draining
  7 ice beasts
  4 sky beasts
  43 ogres
  An ogre (shapeshifter) (Vaults:3)
  2 phantoms
  70 orc warriors
  7 wolves
  A necrophage (Crypt:2)
  14 boggarts
  A swamp dragon skeleton (Crypt:3)
  22 centaurs
  15 crocodiles
  26 bullfrogs
  5 big kobolds
  A draconian zombie (Crypt:1)
  A gnoll sergeant (D:11)
  2 wyvern zombies
  7 earth elementals
  2 wyvern skeletons
  A cyclops skeleton (Crypt:1)
  A glowing shapeshifter simulacrum (Vaults:2)
  8 scorpions
  A troll zombie (Crypt:2)
  A water moccasin skeleton (D:8)
  20 killer bees
  9 howler monkeys
  19 wights
  3 electric eels
  A polar bear skeleton (Crypt:1)
  4 centaur zombies
  12 crimson imps
  A quasit (D:10)
  14 hounds
  2 jellies
  Crazy Yiuf (D:4)
  46 orc priests
  2 bullfrog skeletons
  4 centaur skeletons
  An iron imp (Depths:2)
  40 orc wizards
  3 iguanas
  A human skeleton (Crypt:2)
  11 worker ants
  A killer bee zombie (D:6)
  7 mummies (Crypt:3)
  A hound skeleton (D:8)
  A worker ant zombie (D:8)
  24 gnolls
  9 adders
  4 shadow imps
  2 white imps
  An ufetubus (Depths:3)
  2 oozes
  An adder zombie (D:6)
  2 adder skeletons
  A barachi zombie (Crypt:1)
  4 worms
  A dart slug (D:3)
  4 leopard geckos
  152 orcs
  A ball python (D:5)
  2 giant cockroaches
  5 goblins (D:3)
  11 hobgoblins
  8 jackals
  4 quokkas
  6 bats
  7 frilled lizards
  2 goblin zombies (D:7)
  4 hobgoblin zombies (D:7)
  40 kobolds
  2 kobold skeletons (D:7)
  A leopard gecko zombie (Crypt:2)
  An orc skeleton (D:7)
  An orc zombie (D:7)
  A quokka zombie (D:8)
  7 rats
  A plant (Swamp:2)
  15 starspawn tentacles
3181 creatures vanquished.

Vanquished Creatures (collateral kills)
  A deep elf sorcerer (Elf:3)
  A black draconian (Zot:5)
  A red draconian (Zot:5)
  2 deep elf high priests (Elf:3)
  A deep elf mage (Elf:3)
  2 crawling corpses (Elf:3)
  A plant (Lair:2)
9 creatures vanquished.

Vanquished Creatures (others)
  A deep elf master archer (Elf:3)
  A draconian knight (Zot:1)
  A fire giant (Depths:5)
  A draconian scorcher (Zot:5)
  2 vault wardens
  A draconian annihilator (Zot:2)
  3 stone giants
  2 deep elf annihilators
  6 yaktaur captains
  A vault guard (Vaults:5)
  2 two-headed ogres (D:8)
  5 centaur warriors
  4 naga sharpshooters
  A satyr (Abyss:3)
  A spriggan (Depths:2)
  A deep troll (Depths:1)
  A glowing orange brain (Depths:2)
  A swamp dragon (Swamp:4)
  A deep elf mage (Elf:2)
  An orc sorcerer (Orc:1)
  3 deep elf archers
  3 cyclopes
  3 moths of wrath (Zot:5)
  A freezing wraith (Vaults:4)
  36 yaktaurs
  A hornet (Depths:2)
  3 humans (Swamp:2)
  A slave (D:8)
  An ogre (Depths:2)
  A boggart (Depths:2)
  6 centaurs
  A bullfrog (D:8)
  2 electric eels (D:15)
  An adder (D:8)
  An adder skeleton (D:8)
  A leopard gecko (D:8)
  4 orcs
  2 hobgoblins (Bailey)
  A briar patch (Swamp:3)
  A bush (Lair:6)
  2 demonic plants (WizLab)
  17 fungi
  3 lurking horrors (Abyss:3)
  62 plants
  35 starspawn tentacles
  2 withered plants (Crypt:3)
231 creatures vanquished.

Grand Total: 3421 creatures vanquished

Notes
Turn   | Place    | Note
-------+----------+-------------------------------------------
     0 | D:1      | grindst0ne the Ghoul Gladiator began the quest for the Orb.
     0 | D:1      | Reached XP level 1. HP: 17/17 MP: 0/0
   225 | D:1      | Reached XP level 2. HP: 20/25 MP: 1/1
   715 | D:2      | Reached XP level 3. HP: 4/31 MP: 2/2
  1220 | D:2      | Found a white marble altar of Elyvilon.
  1345 | D:2      | Found an iron altar of Okawaru.
  1645 | D:3      | Reached XP level 4. HP: 39/40 MP: 3/3
  1782 | D:3      | Reached XP level 5. HP: 29/47 MP: 4/4
  2150 | D:4      | Found Keafur's Food Boutique.
  2165 | D:4      | Reached skill level 5 in Unarmed Combat
  2311 | D:4      | Found Vophojy's Gadget Emporium.
  2390 | D:4      | Reached skill level 5 in Fighting
  2390 | D:4      | Reached XP level 6. HP: 40/56 MP: 5/5
  2411 | D:4      | Bought a wand of paralysis (7/24) for 117 gold pieces
  2425 | D:4      | Found Guurghaj's Jewellery Boutique.
  2434 | D:4      | Found Beipal's Weapon Emporium.
  2525 | D:4      | Got an ebony mace
  2526 | D:4      | Identified the +9 mace "Henwem" {venom, rElec rC+} (You found it on level 4 of the Dungeon)
  2551 | D:4      | Found Idduak's Weapon Boutique.
  2587 | D:4      | Found a shattered altar of Ashenzari.
  2693 | D:4      | Found a runed door.
  2820 | D:4      | Found a burning altar of Makhleb.
  2821 | D:4      | Found a radiant altar of Vehumet.
  3075 | D:4      | Noticed Crazy Yiuf
  3079 | D:4      | Killed Crazy Yiuf
  3142 | D:5      | Entered Level 5 of the Dungeon
  3164 | D:5      | Reached XP level 7. HP: 56/60 MP: 6/6
  3291 | D:5      | Noticed Sigmund
  3297 | D:5      | Noticed Grinder
  3302 | D:5      | Killed Sigmund
  3316 | D:5      | Killed Grinder
  3316 | D:5      | Reached XP level 8. HP: 54/73 MP: 7/7
  4169 | D:6      | Noticed Pikel
  4184 | D:6      | Killed Pikel
  4184 | D:6      | Reached XP level 9. HP: 60/84 MP: 8/8
  4505 | D:6      | Found a sacrificial altar of Ru.
  4530 | D:6      | Found a sparkling altar of Nemelex Xobeh.
  4655 | D:6      | Found a staircase to the Ecumenical Temple.
  4664 | Temple   | Entered the Ecumenical Temple
  4864 | Temple   | Became a worshipper of Cheibriados the Contemplative
  5003 | D:7      | Found a deep blue altar of Sif Muna.
  5273 | D:7      | Found a transporter.
  5310 | D:7      | Reached skill level 10 in Unarmed Combat
  5357 | D:7      | Found a glowing golden altar of the Shining One.
  5382 | D:7      | Reached * piety under Cheibriados
  5434 | D:7      | Reached skill level 10 in Fighting
  5497 | D:7      | Found Hep Egh's Book Emporium.
  5672 | D:7      | Noticed a troll
  5771 | D:8      | Reached skill level 1 in Evocations
  5771 | D:8      | Killed a two-headed ogre
  5778 | D:8      | Killed a two-headed ogre
  6009 | D:8      | Reached ** piety under Cheibriados
  6009 | D:8      | Reached skill level 1 in Invocations
  6011 | D:8      | Reached skill level 1 in Armour
  6027 | D:8      | Reached XP level 10. HP: 69/94 MP: 10/10
  6095 | D:8      | Noticed a two-headed ogre
  6108 | D:8      | Killed a two-headed ogre
  6438 | D:8      | Found a shimmering altar of Xom.
  6695 | D:8      | Reached *** piety under Cheibriados
  6725 | D:8      | Found a blossoming altar of Fedhas.
  7308 | D:9      | Noticed Erica
  7315 | D:9      | Killed Erica
  7344 | D:9      | Found Ixkuem's Jewellery Emporium.
  7346 | D:9      | Bought a +3 amulet of reflection for 219 gold pieces
  7416 | D:9      | Reached skill level 5 in Invocations
  7423 | D:9      | Reached XP level 11. HP: 28/101 MP: 13/13
  7462 | D:9      | Found a staircase to the Orcish Mines.
  7521 | D:9      | Found an opulent altar of Gozag.
  7774 | D:9      | Reached **** piety under Cheibriados
  7806 | D:9      | Identified the cursed +1 leather armour of the Tundras {*Contam rCorr Int+2 Stlth+} (You found it on level 9 of the Dungeon)
  7810 | D:9      | Found a hide-covered altar of Uskayaw.
  7987 | D:10     | Entered Level 10 of the Dungeon
  7987 | D:10     | Noticed Fannar
  8116 | D:10     | Noticed a two-headed ogre
  8275 | D:10     | Found Hyosu's Gadget Shop.
  8381 | D:10     | Found Paladd's Magic Scroll Shoppe.
  8411 | D:10     | Reached skill level 5 in Armour
  8671 | D:10     | Found Feesh's Food Shoppe.
  8696 | D:10     | Reached skill level 5 in Evocations
  8721 | D:10     | Killed Fannar
  8721 | D:10     | Reached ***** piety under Cheibriados
  8790 | D:10     | Killed a two-headed ogre
  8899 | D:10     | Noticed a two-headed ogre
  8907 | D:10     | Killed a two-headed ogre
  9374 | D:10     | Found Miuhu's Assorted Antiques.
  9384 | D:10     | Bought a pair of glowing gloves for 187 gold pieces
  9850 | D:7      | Found a roughly hewn altar of Beogh.
  9862 | D:7      | Reached XP level 12. HP: 54/107 MP: 16/16
  9875 | D:7      | Found a transporter.
 10157 | D:11     | Reached skill level 1 in Shields
 10288 | D:11     | Learned a level 3 spell: Regeneration
 10377 | D:11     | Found a staircase to the Lair.
 10820 | D:11     | HP: 2/107 [cyclops (25)]
 11362 | Lair:1   | Entered Level 1 of the Lair of Beasts
 11424 | Lair:1   | Noticed a four-headed hydra
 11438 | Lair:1   | Killed a four-headed hydra
 12046 | Lair:1   | Got a slimy glass ring
 12072 | Lair:1   | Identified the ring of Toysucyini {MR+ AC+3 Str+2 Int+2 Stlth-} (You found it on level 1 of the Lair of Beasts)
 13261 | Lair:2   | Reached XP level 13. HP: 65/112 MP: 12/19
 14621 | Lair:2   | Got a dazzling plate armour
 14632 | Lair:2   | Identified the cursed +1 plate armour of the Eagle {rN+ Str+2 Int+3} (You found it on level 2 of the Lair of Beasts)
 14930 | Lair:3   | Reached skill level 5 in Shields
 14952 | Lair:3   | Found a staircase to the Swamp.
 15022 | Lair:3   | Learned a level 3 spell: Spectral Weapon
 15132 | Lair:3   | Found a staircase to the Snake Pit.
 15168 | Lair:3   | Reached skill level 10 in Invocations
 16120 | D:4      | Bought the amulet of Cowardice {Spirit +Blink rF+} for 612 gold pieces
 17117 | Lair:5   | Found a staircase to the Slime Pits.
 17117 | Lair:5   | Found a viscous altar of Jiyva.
 18104 | Lair:6   | Entered Level 6 of the Lair of Beasts
 18210 | Lair:6   | Reached XP level 14. HP: 119/122 MP: 20/20
 18305 | Lair:6   | Reached skill level 15 in Unarmed Combat
 19016 | Lair:6   | Got a dazzling flail
 19018 | Lair:6   | Identified the cursed +1 flail of the Sun {chaos, rElec rC+} (You found it on level 6 of the Lair of Beasts)
 19036 | Lair:6   | Reached skill level 10 in Armour
 21440 | D:12     | Reached XP level 15. HP: 90/127 MP: 21/21
 21565 | D:12     | Learned a level 2 spell: Song of Slaying
 21668 | D:13     | Found Doulaq's General Store.
 21686 | D:13     | Bought a scroll of summoning for 114 gold pieces
 21723 | D:13     | Found a labyrinth entrance.
 21732 | Lab      | Entered a labyrinth
 22380 | Lab      | Identified Sif Muna's Compendium of the Oath
 22424 | D:13     | Learned a level 6 spell: Invisibility
 22463 | D:13     | Found a gate to the Vaults.
 22498 | D:13     | Reached skill level 10 in Shields
 22799 | D:14     | Found a flagged portal.
 22817 | Bailey   | Entered a bailey
 22912 | Bailey   | Reached ****** piety under Cheibriados
 23002 | Bailey   | Identified a scroll of acquirement
 23377 | D:14     | Found Aveng's Assorted Antiques.
 24121 | Orc:1    | Entered Level 1 of the Orcish Mines
 24236 | Orc:2    | Entered Level 2 of the Orcish Mines
 24236 | Orc:2    | Found a staircase to the Elven Halls.
 24245 | Orc:2    | Noticed Gruud's ghost (journeyman DsNe)
 24263 | Orc:2    | Found a roughly hewn altar of Beogh.
 24561 | Orc:2    | Killed Gruud's ghost
 24591 | Orc:2    | Noticed an orc warlord
 24616 | Orc:2    | Killed an orc warlord
 25031 | Orc:2    | Found Opsuo's Jewellery Emporium.
 25632 | Orc:1    | Found Buymanwu's Quality Used Wands.
 25640 | Orc:1    | Noticed Harold
 25657 | Orc:1    | Killed Harold
 26859 | Orc:2    | Reached XP level 16. HP: 48/135 MP: 22/22
 27105 | Orc:2    | Found Siof Sic's Antique Weapon Emporium.
 27105 | Orc:2    | Found Odeuc's General Store.
 27108 | Orc:2    | Found Zaarha's Armour Emporium.
 27108 | Orc:2    | Found Sireim's Gadget Shoppe.
 27147 | Orc:2    | Bought the +0 pair of boots "Garhied" {Regen+ Int+4} for 298 gold pieces
 27566 | D:4      | Bought the ring of Qutoos {*Contam rElec rPois rC+ AC+3} for 487 gold pieces
 27808 | Swamp:1  | Entered Level 1 of the Swamp
 28456 | Swamp:2  | Noticed Frances
 28470 | Swamp:2  | Killed Frances
 28792 | Swamp:2  | Noticed Kirke
 28802 | Swamp:2  | Killed Kirke
 28873 | Swamp:2  | Identified the cursed +2 morningstar "Eviscerator" {freeze, Int+5} (You found it on level 2 of the Swamp)
 29399 | Swamp:3  | Noticed a thorn hunter
 29405 | Swamp:3  | Killed a thorn hunter
 29421 | Swamp:3  | Noticed a thorn hunter
 29534 | Swamp:3  | Killed a thorn hunter
 29631 | Swamp:3  | Noticed Nikola
 29648 | Swamp:3  | Killed Nikola
 29910 | Swamp:3  | Reached XP level 17. HP: 141/141 MP: 23/23
 30281 | Swamp:4  | Entered Level 4 of the Swamp
 30805 | Swamp:4  | Reached skill level 15 in Shields
 31245 | Swamp:4  | Got a decaying rune of Zot
 31406 | Snake:1  | Entered Level 1 of the Snake Pit
 32575 | Snake:2  | Reached XP level 18. HP: 137/149 MP: 24/24
 33390 | Snake:3  | Noticed Aizul
 33408 | Snake:3  | Killed Aizul
 33427 | Snake:3  | Found Riryst's Distillery.
 33436 | Snake:3  | Found Jefet's Antique Armour Shoppe.
 33462 | Snake:3  | Bought a potion of resistance for 130 gold pieces
 34214 | Snake:4  | Entered Level 4 of the Snake Pit
 35258 | Snake:4  | Reached XP level 19. HP: 99/156 MP: 20/25
 35826 | Snake:4  | Got a serpentine rune of Zot
 36291 | Vaults:1 | Entered Level 1 of the Vaults
 36441 | Vaults:1 | Found Zafucajo's Food Shop.
 37276 | Vaults:1 | Got an ichor-stained plate armour
 37287 | Vaults:1 | Identified the +7 plate armour "Justuhoi" {*Drain rN+ Str+4 Int+5} (You found it on level 1 of the Vaults)
 37614 | Vaults:2 | Found Withrata's Antique Armour Shoppe.
 37697 | Vaults:2 | Found a staircase to the Crypt.
 37710 | Vaults:2 | Reached skill level 10 in Evocations
 37720 | Vaults:2 | Reached XP level 20. HP: 160/162 MP: 26/26
 37798 | Vaults:2 | Noticed Xtahua
 37807 | Vaults:2 | Killed Xtahua
 38256 | Vaults:2 | Noticed a Tzitzimitl
 39409 | Vaults:3 | Noticed Boris
 39424 | Vaults:3 | Killed Boris
 39924 | Vaults:3 | Reached XP level 21. HP: 169/169 MP: 28/28
 39961 | Vaults:3 | Found Kus Baon's Armour Shoppe.
 39977 | Vaults:3 | Bought a +1 cloak of invisibility for 214 gold pieces
 40240 | Vaults:3 | Paralysed by a great orb of eyes for 3 turns
 41073 | Vaults:4 | Noticed a golden dragon
 41090 | Vaults:4 | Killed a golden dragon
 41396 | Vaults:4 | Reached XP level 22. HP: 111/176 MP: 28/30
 41465 | Vaults:4 | Found Masazywn's Weapon Shoppe.
 42354 | D:15     | Entered Level 15 of the Dungeon
 42421 | D:15     | Found a staircase to the Depths.
 42592 | D:15     | Noticed Azrael
 42609 | D:15     | Killed Azrael
 42982 | D:15     | Found a portal to a secret trove of treasure.
 43340 | Depths:1 | Entered Level 1 of the Depths
 43635 | Depths:1 | Noticed Mara
 43643 | Depths:1 | Noticed grindst0ne's illusion
 44319 | Depths:1 | Found a gateway to Hell.
 44475 | Depths:1 | Noticed grindst0ne's illusion
 44485 | Depths:1 | Killed Mara
 44778 | Depths:2 | Reached XP level 23. HP: 127/183 MP: 24/32
 44797 | Depths:2 | Reached skill level 5 in Dodging
 44893 | Depths:2 | Found Sihum's Distillery.
 44912 | Depths:2 | Bought a potion of curing for 45 gold pieces
 44912 | Depths:2 | Bought a potion of curing for 45 gold pieces
 44912 | Depths:2 | Bought a potion of curing for 45 gold pieces
 44912 | Depths:2 | Bought 2 potions of heal wounds for 150 gold pieces
 44912 | Depths:2 | Bought a potion of curing for 45 gold pieces
 44912 | Depths:2 | Bought a potion of might for 60 gold pieces
 44912 | Depths:2 | Bought a potion of heal wounds for 75 gold pieces
 44912 | Depths:2 | Bought a potion of curing for 45 gold pieces
 46346 | Depths:3 | Found a corrupted altar of Lugonu.
 46346 | Depths:3 | Found a one-way gate to the infinite horrors of the Abyss.
 46359 | Depths:3 | Found a snail-covered altar of Cheibriados.
 46373 | Depths:3 | Noticed a juggernaut
 46542 | Depths:3 | Killed a juggernaut
 46722 | Depths:3 | Noticed a golden dragon
 46735 | Depths:3 | Killed a golden dragon
 46999 | Depths:3 | Reached XP level 24. HP: 130/190 MP: 26/32
 47447 | Depths:3 | Found a one-way gate leading to the halls of Pandemonium.
 47682 | Depths:4 | Noticed the Enchantress
 47705 | Depths:4 | Killed the Enchantress
 47709 | Depths:4 | Noticed a caustic shrike
 47712 | Depths:4 | Killed a caustic shrike
 47717 | Depths:4 | Noticed Saint Roka
 47966 | Depths:3 | Got a heavily runed ruby amulet
 47981 | Depths:3 | Identified the amulet of Toluoss {Reflect Str+7 Int-3 Slay+6 SH+3} (You took it off a spriggan defender on level 3 of the Depths)
 48028 | Depths:3 | Killed Saint Roka
 48166 | Depths:4 | Found a gateway to a ziggurat.
 48631 | Depths:4 | Reached XP level 25. HP: 149/196 MP: 32/32
 49084 | Depths:4 | Reached skill level 15 in Invocations
 49116 | Depths:4 | Identified Xystra Eca's Compendium of Shifting Curses
 49817 | Depths:5 | Entered Level 5 of the Depths
 49866 | Depths:5 | Noticed Gorglomux's ghost (veteran HOAK)
 49921 | Depths:5 | Killed Gorglomux's ghost
 49979 | Depths:5 | Found a magical portal.
 49985 | WizLab   | Entered Lehudib's Moon Base
 50302 | WizLab   | Reached XP level 26. HP: 135/204 MP: 33/34
 50355 | WizLab   | Found a transporter.
 50974 | WizLab   | Found a transporter.
 51008 | WizLab   | Identified Lehudib's Compendium of Hurtful Earth
 51146 | Depths:5 | Found a gate to the Realm of Zot.
 51572 | Depths:5 | Paralysed by a great orb of eyes for 6 turns
 52176 | Crypt:1  | Entered Level 1 of the Crypt
 54147 | Crypt:3  | Entered Level 3 of the Crypt
 54147 | Crypt:3  | Noticed Jory
 54159 | Crypt:3  | Killed Jory
 54213 | Crypt:3  | Reached XP level 27. HP: 215/215 MP: 35/35
 54728 | Crypt:3  | Identified the Grimoire of Supportive Cold
 54769 | Crypt:3  | Got a spiked shield
 54780 | Crypt:3  | Identified the +4 shield of Fanaticism {+Blink Str+3 Int-2} (You found it on level 3 of the Crypt)
 54792 | Crypt:3  | Found a staircase to the Tomb.
 54916 | Crypt:3  | Got a smoking tin ring
 54918 | Crypt:3  | Identified the ring "Egoocol" {rPois Stlth+} (You found it on level 3 of the Crypt)
 55194 | Crypt:3  | Found an ancient bone altar of Kikubaaqudgha.
 55238 | Crypt:3  | Identified Kikubaaqudgha's Incunabulum of Black Arts
 55246 | Crypt:3  | Learned a level 4 spell: Control Undead
 55253 | Crypt:3  | Learned a level 6 spell: Deflect Missiles
 55844 | Vaults:5 | Entered Level 5 of the Vaults
 56083 | Vaults:5 | Noticed an ancient lich
 56107 | Vaults:5 | Killed an ancient lich
 56542 | Vaults:5 | Noticed an ancient lich
 56553 | Vaults:5 | Killed an ancient lich
 56556 | Vaults:5 | Noticed an ancient lich
 56570 | Vaults:5 | Killed an ancient lich
 56570 | Vaults:5 | Reached skill level 15 in Fighting
 56703 | Vaults:5 | Paralysed by a great orb of eyes for 3 turns
 56916 | Vaults:5 | Got a silver rune of Zot
 57138 | Vaults:5 | Found Buni's Food Shoppe.
 57375 | Vaults:5 | Found Zyplu's Antique Armour Shop.
 57391 | Vaults:5 | Found Huomeos's Antique Armour Boutique.
 57395 | Vaults:5 | Bought a translucent hat for 360 gold pieces
 57406 | Vaults:5 | Identified the +0 hat "Ifitat" {+Fly} (You bought it in a shop on level 5 of the Vaults)
 57556 | Vaults:5 | Found Sijaow's Magic Scroll Emporium.
 57560 | Vaults:5 | Bought a scroll of teleportation for 36 gold pieces
 57560 | Vaults:5 | Bought a scroll of magic mapping for 42 gold pieces
 57560 | Vaults:5 | Bought a scroll of amnesia for 42 gold pieces
 57560 | Vaults:5 | Bought a scroll of vulnerability for 90 gold pieces
 57560 | Vaults:5 | Bought a scroll of enchant armour for 90 gold pieces
 57560 | Vaults:5 | Bought 2 scrolls of immolation for 84 gold pieces
 57560 | Vaults:5 | Bought a scroll of magic mapping for 42 gold pieces
 57560 | Vaults:5 | Bought a scroll of amnesia for 42 gold pieces
 57560 | Vaults:5 | Bought a scroll of immolation for 42 gold pieces
 57560 | Vaults:5 | Bought a scroll of amnesia for 42 gold pieces
 57560 | Vaults:5 | Bought 2 scrolls of amnesia for 84 gold pieces
 57560 | Vaults:5 | Bought a scroll of identify for 24 gold pieces
 57645 | Vaults:5 | Found Eckeuni Lac's Food Boutique.
 57659 | Vaults:5 | Found Ateematz's Food Shoppe.
 57917 | Depths:1 | Cast into level 2 of the Abyss (a wizard)
 57917 | Abyss:2  | Found a corrupted altar of Lugonu.
 58058 | Abyss:3  | Found a hide-covered altar of Uskayaw.
 58307 | Abyss:3  | Got an abyssal rune of Zot
 58309 | Abyss:3  | Found a corrupted altar of Lugonu.
 58649 | Depths:1 | Escaped the Abyss
 58764 | Zot:1    | Entered Level 1 of the Realm of Zot
 58802 | Zot:1    | Noticed an orb of fire
 58807 | Zot:1    | Killed an orb of fire
 59305 | Zot:1    | Noticed an orb of fire
 59312 | Zot:1    | Killed an orb of fire
 60811 | Zot:2    | Noticed an orb of fire
 60822 | Zot:2    | Killed an orb of fire
 62095 | Zot:4    | Noticed an orb of fire
 62102 | Zot:4    | Killed an orb of fire
 62615 | Zot:4    | Got a crude garnet amulet
 62804 | Zot:5    | Entered Level 5 of the Realm of Zot
 62948 | Zot:5    | Noticed an orb of fire
 62950 | Zot:5    | Noticed an orb of fire
 62994 | Zot:5    | Killed an orb of fire
 63228 | Zot:5    | Reached skill level 10 in Dodging
 63230 | Zot:5    | Noticed an orb of fire
 63235 | Zot:5    | Killed an orb of fire
 63239 | Zot:5    | Noticed an ancient lich
 63255 | Zot:5    | Killed an orb of fire
 63258 | Zot:5    | Killed an ancient lich
 63283 | Zot:5    | Noticed an ancient lich
 63303 | Zot:5    | Killed an ancient lich
 63310 | Zot:5    | Noticed an orb of fire
 63315 | Zot:5    | Killed an orb of fire
 63574 | Zot:5    | Noticed an ancient lich
 63588 | Zot:5    | Noticed an orb of fire
 63588 | Zot:5    | Killed an ancient lich
 63598 | Zot:5    | Killed an orb of fire
 63775 | Zot:5    | Noticed an ancient lich
 63785 | Zot:5    | Killed an ancient lich
 63947 | Zot:5    | Reached skill level 15 in Dodging
 64028 | Zot:5    | Noticed an orb of fire
 64037 | Zot:5    | Killed an orb of fire
 64075 | Zot:5    | Noticed an orb of fire
 64081 | Zot:5    | Killed an orb of fire
 64094 | Zot:5    | Noticed an orb of fire
 64094 | Zot:5    | Noticed an orb of fire
 64111 | Zot:5    | Killed an orb of fire
 64123 | Zot:5    | Killed an orb of fire
 64767 | Elf:1    | Entered Level 1 of the Elven Halls
 64775 | Elf:1    | Reached skill level 1 in Charms
 64818 | Elf:1    | Found Kazalup's Antique Weapon Emporium.
 64969 | D:10     | Bought a scroll of enchant armour for 90 gold pieces
 64969 | D:10     | Bought a scroll of identify for 24 gold pieces
 64969 | D:10     | Bought a scroll of teleportation for 36 gold pieces
 64969 | D:10     | Bought a scroll of blinking for 90 gold pieces
 64969 | D:10     | Bought a scroll of acquirement for 624 gold pieces
 64969 | D:10     | Bought a scroll of identify for 24 gold pieces
 64969 | D:10     | Bought a scroll of fear for 42 gold pieces
 65053 | D:10     | Bought a potion of agility for 100 gold pieces
 65053 | D:10     | Bought a scroll of identify for 50 gold pieces
 65198 | D:15     | You paid a toll of 18 scrolls of identify to enter a treasure trove
 65199 | Trove    | Entered a treasure trove
 65212 | Trove    | Got a bound brass ring
 65214 | Trove    | Got a scintillating pewter ring
 65216 | Trove    | Got a fine lapis lazuli ring
 65221 | Trove    | Got a warped marble ring
 65224 | Trove    | Got a slimy steel ring
 65226 | Trove    | Got a glittering pewter amulet
 65228 | Trove    | Got a flickering diamond amulet
 65242 | Trove    | Got a fine pewter ring
 65256 | Trove    | Identified the ring of Igreotul {rElec rC+ MR+ Str+3 Slay+3} (You found it in a treasure trove)
 65258 | Trove    | Identified the ring "Afioq" {rN+ Int+2} (You found it in a treasure trove)
 65260 | Trove    | Identified the ring "Zyrayref" {MP+9 Slay+4 Stlth+} (You found it in a treasure trove)
 65262 | Trove    | Identified the ring "Luwaesogg" {*Slow rF++ rC++ SInv} (You found it in a treasure trove)
 65264 | Trove    | Identified the ring of Gefack {*Slow rPois Int+7 Dex+5} (You found it in a treasure trove)
 65266 | Trove    | Identified the ring "Heras" {rN+ MR++ Int+3 Dex+4} (You found it in a treasure trove)
 65268 | Trove    | Identified the amulet of the Moon {RegenMP +Blink Dex+10} (You acquired it on level 4 of the Realm of Zot)
 65270 | Trove    | Identified the amulet "Gifuzylu" {-Tele Regen+ Str+5 Int+7} (You found it in a treasure trove)
 65272 | Trove    | Identified the amulet "Bun Hayn" {Faith Dex+3 Slay+2 Stlth+} (You found it in a treasure trove)
 65279 | Trove    | Got a shimmering copper ring
 65286 | Trove    | Identified the ring "Xap Ejo" {rPois rF+ rN+ SInv} (You found it in a treasure trove)
 65288 | Trove    | Got a clouded crystal amulet
 65290 | Trove    | Identified the amulet "Ocuziohu" {Spirit rF+} (You found it in a treasure trove)
 65736 | Elf:1    | Found Mubbom's Jewellery Shoppe.
 65738 | Elf:1    | Found Tommutoim's Antique Weapon Emporium.
 65748 | Elf:1    | Bought the ring of Dogma {rF+ Str+6 Slay+6 Stlth-} for 2192 gold pieces
 65862 | Elf:1    | Found Himp's Book Shop.
 65867 | Elf:1    | Bought a book of the Warp for 1440 gold pieces
 65867 | Elf:1    | Bought a book of Minor Magic for 320 gold pieces
 65871 | Elf:1    | Learned a level 2 spell: Blink
 65920 | Elf:1    | Found Daet's Armour Shoppe.
 66059 | Elf:1    | Reached skill level 1 in Spellcasting
 66194 | Elf:2    | Found Nieloib's Distillery.
 66196 | Elf:2    | Reached skill level 1 in Translocations
 66206 | Elf:2    | Bought a potion of curing for 48 gold pieces
 66206 | Elf:2    | Bought a potion of curing for 48 gold pieces
 66206 | Elf:2    | Bought a potion of curing for 48 gold pieces
 66206 | Elf:2    | Bought a potion of agility for 64 gold pieces
 66206 | Elf:2    | Bought a potion of heal wounds for 80 gold pieces
 66429 | Elf:2    | Reached skill level 5 in Charms
 66507 | Elf:2    | Found a runed gate.
 66507 | Elf:2    | Found a runed gate.
 66507 | Elf:2    | Found a runed gate.
 66861 | Elf:3    | Entered Level 3 of the Elven Halls
 66938 | Elf:3    | Found a roughly hewn altar of Beogh.
 66986 | Elf:3    | Learned a level 8 spell: Controlled Blink
 67024 | Elf:3    | Learned a level 1 spell: Apportation
 67026 | Elf:3    | Learned a level 1 spell: Summon Butterflies
 67337 | Elf:3    | Reached skill level 5 in Translocations
 67373 | Elf:3    | Identified the Incunabulum of the Noxious Rocks
 68791 | Snake:3  | Bought a shiny shield for 322 gold pieces
 68832 | Snake:3  | Got a heavily runed large shield
 68843 | Snake:3  | Identified the +4 large shield of Devotion {MR+ Int-5 SInv} (You acquired it on level 3 of the Snake Pit)
 69137 | Vaults:2 | Bought a runed cloak for 300 gold pieces
 70514 | Slime:1  | Entered Level 1 of the Pits of Slime
 70736 | Slime:2  | Reached skill level 10 in Charms
 71572 | Slime:5  | Entered Level 5 of the Pits of Slime
 71952 | Slime:5  | Found a viscous altar of Jiyva.
 71952 | Slime:5  | Noticed the Royal Jelly
 71960 | Slime:5  | Killed the Royal Jelly
 71966 | Slime:5  | Paralysed by a floating eye for 4 turns
 71969 | Slime:5  | HP: 13/265 [azure jelly[the Royal Jelly] (6)]
 71969 | Slime:5  | HP: 6/265 [acid blob/splash of acid (4)]
 71969 | Slime:5  | Splashed by an acid blob's acid

Vault maps used:
D:1:      minmay_arrival_arboretum_large, minmay_close_crescents
D:2:      lemuel_doored_altar, first_bread, kennysheep_okawaru_gauntlet
D:4:      nicolae_ashenzari_panopticon,
          grunt_temple_overflow_lords_of_destruction, serial_shops,
          nicolae_shop_stone, nicolae_shop_trees, shop, shop,
          nicolae_shop_crystal, st_stairs_12, uniq_crazy_yiuf_cottage
D:5:      uniq_grinder, uniq_sigmund
D:6:      kennysheep_little_box, marbit_many_paths,
          minmay_temple_entry_poolview, uniq_pikel
D:7:      gammafunk_beogh_shrine, nicolae_tso_besieged_by_evil, serial_shops,
          shop, basic_altar
D:8:      nicolae_overflow_hidden_temple, xom_confusion_cloud
D:9:      lemuel_round_altar, overflow_temple_1_default, orc_0_dummy,
          serial_shops, nicolae_shop_trees, uniq_erica
D:10:     serial_shops, shop, nicolae_shop_behind_doors, shop,
          nicolae_shop_temple_entry_statues_fountains, blue_anna_alchemist,
          minmay_orc_keep, uniq_fannar
D:11:     minmay_lair_entry_grove
D:12:     serial_column_ruins, column_ruins_open_tiny, column_ruins_open_medium,
          column_ruins_open_tiny, column_ruins_columns_straight,
          column_ruins_grid_3
D:13:     david_vaults_1, lab_entry_generic, serial_shops, nicolae_shop_trees
D:14:     enter_bailey_2, serial_shops, shop_fountains,
          hangedman_decor_clover_reticule
D:15:     grunt_enter_depths_hoard, enter_trove_3, serial_bayou,
          serial_bayou_pond_d, serial_bayou_lake_a, serial_bayou_pond_a,
          serial_bayou_lagoon_b, nicolae_underground_beach, uniq_azrael
Temple:   minmay_temple_curvy_loop
Lair:1:   lemuel_fruit_fields
Lair:2:   minmay_lair_oklob_chamber, lemuel_fruit_tree
Lair:3:   minmay_swamp_entry_swarm, guppyfry_snake_entry_garden,
          grunt_forest_large_clearing_hut
Lair:5:   slime_altar_1, bh_autumn_forest_stairs
Lair:6:   minmay_lair_end_frog_pond
Swamp:1:  hangedman_swamp_ruin_wall
Swamp:2:  nicolae_swamp_feature_on_the_river_bank,
          nicolae_swamp_hydra_murder_den, uniq_frances, uniq_kirke
Swamp:3:  evilmike_swamp_ruin_rubble_2, swamp_pool5, infiniplex_staircase_pool,
          uniq_nikola
Swamp:4:  swamp
Snake:1:  hangedman_snake_sidewinding
Snake:3:  special_room, minmay_shoptagon, serial_bayou_shore_a, uniq_aizul
Snake:4:  snake_pit_salamanders_mu, serial_bayou_ford_a, st_stairs_7,
          basic_stair_grate_trap
Orc:1:    nicolae_for_you_no_charge, uniq_harold
Orc:2:    st_orc_pillars, serial_shops, shop, basic_altar,
          nicolae_orc_crystal_geode
Elf:1:    elf_arrival_002, serial_shops, shop, nicolae_shop_crystal,
          shop_statue, nicolae_shop_competitors_out_of_business, shop,
          hangedman_elf_disciples, library_closet
Elf:2:    serial_shops, nicolae_shop_crystal, minivault_15
Elf:3:    minmay_elf_hall_four_x, special_room
Vaults:1: vaults_dpeg_doors, v_misc_30, ontoclasm_vaults_hangar,
          dpeg_vaults_waves, v_misc_9, hangedman_vaults_corner_blocks,
          vaults_room_corners, nicolae_vaults_rhombus_5, serial_shops,
          nicolae_shop_temple_entry_statues_fountains
Vaults:2: nicolae_vaults_little_squares_5, v_pattern_1,
          minmay_crypt_entry_simple_corners, ontoclasm_vaults_idyll,
          v_alt_pattern_4, hangedman_vaults_stretched_pinwheel, v_alt_pattern_5,
          v_misc_18, vaults_standard_mumra_lines, vaults_room_door_ring,
          ontoclasm_vaults_decontamination, vaults_dpeg_cross,
          vaults_standard_mumra_x, nicolae_vaults_big_ls, vaults_room_door_ring,
          ontoclasm_vaults_tryst, serial_shops, nicolae_shop_stone, uniq_xtahua
Vaults:3: hangedman_vaults_unwind, v_misc_18, dpeg_vaults_pockets_of_resistance,
          hangedman_vaults_stretched_pinwheel, nicolae_vaults_big_angled_halls,
          ontoclasm_vaults_claustrophobia, v_misc_19, serial_ice_g,
          ontoclasm_vaults_fault, v_alt_pattern_1,
          vaults_standard_mumra_enter_the_diamond,
          nicolae_vaults_border_crossing, v_misc_27, serial_shops, shop,
          uniq_boris
Vaults:4: st_hourglassy, nicolae_vaults_rhombus_5, grunt_vaults_twisty,
          ontoclasm_vaults_chip, v_rooms_1, v_misc_13, vaults_room_ringed_pool,
          vaults_room_semicircle, nicolae_vaults_windows_and_doors_thing,
          vaults_room_door_ring, grunt_vaults_hallway_long,
          grunt_vaults_hallway_long, serial_shops, nicolae_shop_trees
Crypt:1:  roderic_lattice_octagonal_star
Crypt:2:  minivault_24
Crypt:3:  quadcrypt_mu, uniq_jory
Depths:1: lightli_too_deep, grunt_ministairs_13, kennysheep_generic_room_4,
          uniq_mara
Depths:2: kb_forest_paths, grunt_hell_entry_dis_grunt, kennysheep_another_room,
          serial_shops, shop_coins
Depths:3: hangedman_arch_fort, grunt_pan_entry_spiral, hell_entry,
          abyss_entry_flame_altar, cheibriados_altar_1, patterned_corridor,
          infiniplex_staircase_diamond
Depths:4: grunt_twisty_corner, enter_ziggurat_d, abyss_entry,
          pf_vacation_house_of_asmodeus, minmay_the_grid_square_5x5_3x3_mashed,
          infiniplex_staircase_split_hallway, serial_bayou_shore_b,
          uniq_saint_roka, uniq_enchantress
Depths:5: grunt_zot_entry_tricorne, mu_enter_wizlab_1, kennysheep_flooded_box,
          hell_entry
Zot:1:    kennysheep_spiral_hall, st_stairs_14, grunt_ministairs_15
Zot:2:    nicolae_moth_party, zot_minivault_1
Zot:4:    kennysheep_underground_church
Abyss:2:  hangedman_abyss_stitches_cave, minivault_5
Lab:      nicolae_lab_dead_adventurers, nicolae_lab_flowing_pool
Trove:    trove_jewel_2
Bailey:   bailey_axe_2, bailey
WizLab:   wizlab_lehudib

Skill      XL: |  1  2  3  4  5  6  7  8  9 10 11 12 13 14 15 16 17 18 19 20 21 22 23 24 25 26 27 |
---------------+----------------------------------------------------------------------------------+-----
Fighting       | 3 4 5 6 7 9 10 11 25 | 25.4
Unarmed Combat | 4 5 6 7 9 10 11 12 13 14 16 17 18 19 20 21 22 23 | 23.3
Evocations     | 1 4 6 8 10 11 12 13 14 | 14.3
Invocations    | 1 5 7 9 10 12 16 18 23 | 23.2
Armour         | 1 4 5 7 9 10 12 | 12.2
Shields        | 4 6 9 12 14 16 17 18 20 21 22 23 24 25 | 25.1
Dodging        | 4 7 8 17 | 17.1
Charms         | 11 | 11.4
Spellcasting   | 3 |  3.3
Translocations | 7 |  7.4
Throwing       | |  1.7

Action                   |  1- 3 |  4- 6 |  7- 9 | 10-12 | 13-15 | 16-18 | 19-21 | 22-24 | 25-27 || total
-------------------------+-------+-------+-------+-------+-------+-------+-------+-------+-------++-------
Melee: Unarmed           |   148 |   141 |       |       |       |  1465 |  1242 |  1382 |  3814 ||  8192
       Punch             |     2 |     4 |     5 |    43 |     4 |       |       |       |       ||    58
       Mace              |       |    21 |   253 |   600 |  1419 |    26 |       |       |       ||  2319
Throw: Throwing net      |     1 |       |       |     2 |       |       |       |       |       ||     3
Invok: Bend Time         |       |       |       |     1 |     3 |       |     2 |     1 |     4 ||    11
       Slouch            |       |       |       |     7 |    27 |     4 |    11 |    12 |    25 ||    86
       Temporal Distorti |       |       |       |     2 |     2 |     2 |     1 |     4 |     4 ||    15
       Step From Time    |       |       |       |       |       |       |       |     1 |     2 ||     3
 Abil: Evoke Invisibilit |       |       |       |       |       |       |     9 |     7 |    24 ||    40
       Evoke Blink       |       |       |       |       |       |       |       |     1 |       ||     1
Evoke: Wand              |       |       |       |     7 |    42 |     7 |     3 |     2 |     5 ||    66
       Sack of spiders   |       |       |       |       |     1 |       |     1 |       |     1 ||     3
       Lamp of fire      |       |       |       |       |     1 |     2 |     1 |       |       ||     4
       Lightning rod     |       |       |       |       |       |     4 |       |       |       ||     4
       Phial of floods   |       |       |       |       |       |       |     1 |       |     2 ||     3
  Use: Potion            |       |       |     2 |     2 |     7 |       |     8 |     9 |    14 ||    42
       Scroll            |       |       |    10 |     6 |    17 |     6 |     4 |    17 |    25 ||    85
 Stab: Paralysed         |       |       |       |    14 |    10 |       |     4 |       |       ||    28
       Held in net/web   |       |       |       |     1 |       |       |       |       |       ||     1
       Invisible         |       |       |       |       |       |       |    33 |    45 |   115 ||   193
       Confused          |       |       |       |       |       |       |       |     2 |       ||     2
  Eat: Chunk             |    10 |    11 |    23 |    43 |   116 |    58 |    30 |    49 |   133 ||   473
       Meat ration       |       |       |       |       |       |       |     3 |       |     1 ||     4
Armor: Leather armour    |    51 |       |       |       |       |       |       |       |       ||    51
       Scale mail        |    10 |    31 |       |       |       |       |       |       |       ||    41
       Chain mail        |       |    47 |   169 |    68 |       |       |       |       |       ||   284
       Plate armour      |       |       |       |   421 |   983 |   675 |   401 |   344 |   428 ||  3252
       Gold dragon scale |       |       |       |       |       |       |       |       |   500 ||   500
Dodge: Dodged            |   103 |    71 |   157 |   386 |   679 |   423 |   258 |   311 |  1102 ||  3490
Block: Other             |       |       |       |   106 |    14 |       |       |       |       ||   120
       Reflection        |       |       |       |     6 |    63 |   138 |   212 |   112 |   172 ||   703
       Shield            |       |       |       |       |  1892 |   898 |       |       |  2865 ||  5655
       Large shield      |       |       |       |       |       |   794 |  1670 |  1830 |  1495 ||  5789
